[ AOE2 MATCH · #504729211 ]
UnrankedBohemians vs Muisca
Player's team · WIN
Rival team · LOSS
[ REPLAY ANALYSIS · EXTRACTED FROM THE RECORDED GAME ]
Feudal
9:15
Castle
—
Imperial
—
| APM avg | 75.3 |
| APM peak | 106 |
| eAPM avg | 19.4 |
| Villagers / military | 22 / 4 |
Focus
⚔️ 31.8% · 🌾 68.2%
Militia ×4
Feudal
8:51
Castle
—
Imperial
—
| APM avg | 64.3 |
| APM peak | 92 |
| eAPM avg | 28.4 |
| Villagers / military | 30 / 0 |
Focus
⚔️ 45.2% · 🌾 54.8%
Match map
Initial resources + every placement click. Lines = walls · curves = elevation contours. ◆ gold · ⬟ stone · ● berries · ✦ relic · ◌ wall gap
Your base
Tomppa's base
Smoothed initial terrain · ◌ = detected wall gap · hover for details
Inputs per minute
— bruh - - Tomppa
Build order — bruh
41 actions detected in the replay
| 0:00 | Queue | Villager (Male) |
| 0:01 | Queue | Villager (Male) |
| 0:01 | Queue | Villager (Male) |
| 0:02 | Build | House |
| 0:03 | Build | House |
| 0:22 | Queue | Villager (Male) |
| 1:29 | Queue | Villager (Male) |
| 1:46 | Build | Lumber Camp |
| 2:00 | Queue | Villager (Male) |
| 2:00 | Queue | Villager (Male) |
| 2:12 | Queue | Villager (Male) |
| 2:50 | Queue | Villager (Male) |
| 3:13 | Queue | Villager (Male) |
| 3:43 | Queue | Villager (Male) |
| 3:43 | Queue | Villager (Male) |
| 3:44 | Queue | Villager (Male) |
| 3:48 | Build | House |
| 4:09 | Queue | Villager (Male) |
| 4:55 | Queue | Villager (Male) |
| 5:11 | Queue | Villager (Male) |
| 5:20 | Queue | Villager (Male) |
| 5:29 | Build | House |
| 5:56 | Build | Barracks |
| 5:57 | Queue | Villager (Male) |
| 5:57 | Research | Loom |
| 6:51 | Build | House |
| 6:55 | Research | Feudal Age |
| 7:11 | Queue | Militia |
| 7:11 | Queue | Militia |
| 7:20 | Build | Mining Camp |
| 7:35 | Queue | Militia |
| 8:01 | Queue | Militia |
| 8:12 | Build | Mill |
| 8:42 | Queue | Villager (Male) |
| 9:15 | Age | Feudal Age |
| 9:16 | Queue | Villager (Male) |
| 9:17 | Research | Man-at-Arms (upgrade) |
| 9:18 | Research | Man-at-Arms (upgrade) |
| 9:49 | Research | Double-Bit Axe |
| 10:15 | Queue | Villager (Male) |
| 10:23 | Queue | Villager (Male) |
Build order — Tomppa
49 actions detected in the replay
| 0:00 | Queue | Villager (Male) |
| 0:02 | Build | House |
| 0:02 | Build | House |
| 0:06 | Queue | Villager (Male) ×3 |
| 0:06 | Queue | Villager (Male) ×3 |
| 1:15 | Queue | Villager (Male) |
| 1:16 | Queue | Villager (Male) |
| 1:53 | Build | Settlement |
| 1:56 | Queue | Villager (Male) |
| 1:57 | Queue | Villager (Male) |
| 2:21 | Queue | Villager (Male) |
| 2:49 | Queue | Villager (Male) |
| 2:49 | Queue | Villager (Male) |
| 3:15 | Queue | Villager (Male) ×2 |
| 3:42 | Queue | Villager (Male) |
| 3:54 | Queue | Villager (Male) |
| 3:54 | Queue | Villager (Male) |
| 4:53 | Queue | Villager (Male) |
| 4:53 | Queue | Villager (Male) |
| 4:57 | Build | Settlement |
| 5:22 | Queue | Villager (Male) ×2 |
| 5:52 | Research | Loom |
| 6:36 | Research | Feudal Age |
| 6:36 | Research | Feudal Age |
| 7:04 | Queue | Villager (Male) |
| 7:10 | Build | Barracks |
| 7:32 | Build | Palisade Wall |
| 7:34 | Build | Palisade Wall |
| 8:27 | Build | Palisade Wall |
| 8:29 | Build | Palisade Wall |
| 8:29 | Build | Palisade Wall |
| 8:51 | Age | Feudal Age |
| 8:52 | Build | Archery Range |
| 8:53 | Research | Double-Bit Axe |
| 8:57 | Build | Palisade Wall |
| 8:58 | Build | Palisade Wall |
| 9:00 | Queue | Villager (Male) |
| 9:03 | Build | House |
| 9:24 | Queue | Villager (Male) |
| 9:34 | Research | Horse Collar |
| 9:45 | Build | Farm |
| 9:52 | Build | Palisade Wall |
| 9:52 | Build | Palisade Wall |
| 10:00 | Build | Palisade Wall |
| 10:02 | Build | Palisade Wall |
| 10:17 | Queue | Villager (Male) |
| 10:21 | Queue | Villager (Male) |
| 10:24 | Queue | Villager (Male) |
| 10:41 | Queue | Villager (Male) |
Match timeline
| 5:56 | bruh · first_building Barracks |
| 7:10 | Tomppa · first_building Barracks |
| 7:32 | Tomppa · wall_segment Palisade Wall x1 |
| 7:34 | Tomppa · wall_segment Palisade Wall x14 |
| 8:27 | Tomppa · wall_segment Palisade Wall x1 |
| 8:29 | Tomppa · wall_segment Palisade Wall x1 |
| 8:29 | Tomppa · wall_segment Palisade Wall x1 |
| 8:51 | Tomppa · age_up feudal |
| 8:52 | Tomppa · first_building Archery Range |
| 8:57 | Tomppa · wall_segment Palisade Wall x1 |
| 8:58 | Tomppa · wall_segment Palisade Wall x5 |
| 9:15 | bruh · age_up feudal |
| 9:52 | Tomppa · wall_segment Palisade Wall x1 |
| 9:52 | Tomppa · wall_segment Palisade Wall x1 |
| 10:00 | Tomppa · wall_segment Palisade Wall x1 |
| 10:02 | Tomppa · wall_segment Palisade Wall x1 |
| 10:43 | Tomppa · resign |
[ AI ANALYSIS · 1 CREDIT ]
What really happened in this match?
Wolo.gg analyzes every decision: build order, eco, micro, common mistakes by bracket. Personalized analysis on WhatsApp or Discord in 30 seconds.
Civ guide
Bohemians
Perfil
Jugador #2135484